 Dungeon Crawl Stone Soup version 0.27-a0-836-gfc908b8576 (webtiles) character file.

Game seed: 3244895954831486068

77 polve the Changer (level 4, 0/38 HPs)
             Began as a Naga Transmuter on Apr 1, 2021.
             Succumbed to a scorpion's poison
             ... on level 2 of the Dungeon.
             The game lasted 00:01:49 (1366 turns).

polve the Changer (Naga Transmuter)                 Turns: 1366, Time: 00:01:49

Health: 0/38       AC:  2    Str: 13    XL:     4   Next: 33%
Magic:  6/6        EV:  9    Int: 16    God:
Gold:   84         SH:  0    Dex: 11    Spells: 6/7 levels left

rFire    . . .     SeeInvis +     - Unarmed
rCold    + . .     Faith    .   (no shield)
rNeg     . . .     Spirit   .   a - +0 robe
rPois    +         Reflect  .   (no helmet)
rElec    .         Harm     .   b - scarf {+Inv}
rCorr    .         Rampage  .   (no gloves)
Will     .....                  (no barding)
Stlth    +.........             (no amulet)
HPRegen  0.12/turn              (no ring)
MPRegen  0.10/turn              (no ring)

@: lethally poisoned (0 -> -8), short of breath, very slow
A: AC +1, large, see invisible, deformed body, poison resistance, slowness 2,
spit poison 1, naga tail 1, clever 1, cold resistance 1, low mp 1, no potion
heal 1
a: Spit Poison, Evoke Invisibility


You were on level 2 of the Dungeon.
You visited 1 branch of the dungeon, and saw 2 of its levels.

You collected 84 gold pieces.

Inventory:

Armour
 a - a +0 robe (worn)
 b - a scarf of invisibility (worn)
Scrolls
 c - a scroll of holy word {unknown}


   Skills:
 - Level 1.0 Fighting
 - Level 1.5 Dodging
 - Level 3.0 Unarmed Combat
 - Level 2.0 Spellcasting
 + Level 4.4 Transmutations


You had 6 spell levels left.
You knew the following spells:

 Your Spells              Type           Power      Damage    Failure   Level
a - Beastly Appendage     Tmut           30%        N/A       3%          1

Your spell library contained the following spells:

 Spells                   Type           Power      Damage    Failure   Level
 Wereblood                Tmut           15%        N/A       4%          2
 Spider Form              Tmut/Pois      4%         N/A       26%         3
 Ice Form                 Ice/Tmut       8%         N/A       63%         4
 Hydra Form               Tmut           7%         N/A       67%         5


Dungeon Overview and Level Annotations

Branches:
Dungeon (2/15)

Altars:


Innate Abilities, Weirdness & Mutations

Your serpentine skin is tough. (AC +1)
You have supernaturally acute eyesight. (SInv)
Armour fits poorly on your strangely shaped body.
Your system is resistant to poisons. (rPois)
You cover ground very slowly.
You can spit poison.
You have a snake-like lower body.
Your mind is acute. (Int +2)
Your flesh is cold resistant. (rC+)
Your magical capacity is low. (-10% MP)
Potions are less effective at restoring your health.


Message History

The scorpion is heavily wounded.
You feel sick. The scorpion barely misses you.
You barely miss the scorpion.
You headbutt the scorpion, but do no damage.
The scorpion is heavily wounded.
You feel sick.
The scorpion looks more healthy.
The scorpion stings you but does no damage.
You hit the scorpion.
The scorpion is almost dead.
You have got your breath back.
You feel sick. The scorpion closely misses you.
You barely miss the scorpion.
The scorpion is almost dead.
You feel sick. The scorpion stings you.
* * * LOW HITPOINT WARNING * * *
You are lethally poisoned!
The scorpion poisons you!
You closely miss the scorpion.
The scorpion is almost dead.
Your horns disappear.
* * * LOW HITPOINT WARNING * * *
You feel sick. The scorpion barely misses you.
Press: ? - help, Shift-Dir - straight line, f/p - scorpion
Aim: a scorpion (almost dead)
The splash of poison hits the scorpion!
You kill the scorpion!
* * * LOW HITPOINT WARNING * * *
You feel sick.
Your Transmutations skill increases to level 4!
You have reached level 3!
Your experience leads to an increase in your attributes!
Your base attributes are Str 12, Int 13, Dex 11.
Increase (S)trength, (I)ntelligence, or (D)exterity?
You feel clever.
Your skin feels tougher.
You have reached level 4!
You feel stronger.
You aren't carrying any potions.
You hit the kobold.
The kobold is moderately wounded.
You die...

....K.....####.
...#...........
#..........# #...†..[..<#
#..........# #######....#
###....####
####.........##
#.@K.##.#......
#....####†....####
#...####....#.## ######
##.#.#.......>.#
†....###....#...##.##..##
##......)......##..###.#
...#..###..###.#..## ...
#####.####.# #.#.## ###.
#......# #...# #


You could see a kobold.

Vanquished Creatures
  A scorpion (D:2)
  A dart slug (D:1)
  An endoplasm (D:1)
  A giant cockroach (D:1)
  A hobgoblin (D:1)
  3 kobolds
  A ball python (D:2)
  3 bats
  5 frilled lizards
  4 rats
21 creatures vanquished.

Notes
Turn   | Place    | Note
-------+----------+-------------------------------------------
     0 | D:1      | polve the Naga Transmuter began the quest for the Orb.
     0 | D:1      | Reached XP level 1. HP: 18/18 MP: 3/3
   474 | D:1      | Reached XP level 2. HP: 13/25 MP: 3/5
  1042 | D:1      | Reached skill level 3 in Transmutations
  1048 | D:1      | You fall into a shaft and drop 1 floor!
  1342 | D:2      | Noticed a scorpion
  1358 | D:2      | Gained mutation: Your flesh is cold resistant. (rC+)
                  | [potion of mutation]
  1358 | D:2      | Gained mutation: Your magical capacity is low. (-10% MP)
                  | [potion of mutation]
  1358 | D:2      | Gained mutation: Potions are less effective at restoring
                  | your health. [potion of mutation]
  1358 | D:2      | Gained mutation: Your mind is acute. (Int +2) [potion of
                  | mutation]
  1365 | D:2      | Killed a scorpion
  1365 | D:2      | HP: 1/25 [poisoned by a scorpion]
  1366 | D:2      | Reached skill level 4 in Transmutations
  1366 | D:2      | Reached XP level 3. HP: 1/31 MP: 5/5
  1366 | D:2      | Reached XP level 4. HP: 1/38 MP: 6/6
  1366 | D:2      | Succumbed to a scorpion's poison

Illustrated notes

Levels and vault maps discovered:
D:1:      lightli_arrival_lavapool, layout_basic
D:2:      layout_rooms, interstate_on_off, minmay_split_cup_large

Skill      XL: |  1  2 |
---------------+-------+-----
Transmutations | 4 |  4.4
Fighting       | |  1.0
Dodging        | |  1.5
Unarmed Combat | |  3.0
Spellcasting   | |  2.0

Action                   |  1- 3 |  4- 6 || total
-------------------------+-------+-------++-------
Melee: Unarmed           |    44 |     1 ||    45
       Headbutt          |     2 |       ||     2
 Cast: Beastly Appendage |     8 |       ||     8
 Abil: Spit Poison       |    13 |       ||    13
  Use: Potion            |     1 |       ||     1
Armor: Robe              |     8 |       ||     8
Dodge: Dodged            |    25 |       ||    25

Table legend: (Time is in decaauts)
 A = Elapsed time spent in this place.
 B = Non-inter-level travel time spent in this place.
 C = Inter-level travel time spent in this place.
 D = Time resting spent in this place.
 E = Time spent auto-exploring this place.
 F = Levels seen in this place.
 G = Mean time per level.
                   A        B        C        D        E       F      G
               +--------+--------+--------+--------+--------+-----+--------+
         Total |   1576 |   1576 |      0 |      0 |   1418 |   2 |  788.0 |
       Dungeon |   1576 |   1576 |      0 |      0 |   1418 |   2 |  788.0 |
               +--------+--------+--------+--------+--------+-----+--------+

Top non-repeatable levels by time:
     D:1: 1243 daAuts
     D:2: 333 daAuts
